 Dungeon Crawl Stone Soup version 0.27.1-2-g3b301248ec (webtiles) character file.

Game seed: 14473685356251039386

4621 Urokeeper the Fighter (level 10, 0/89 (95) HPs)
             Began as a Minotaur Fighter on Sept 29, 2021.
             Was a Believer of Makhleb.
             Slain by a komodo dragon (20 damage)
             ... on level 10 of the Dungeon.
             The game lasted 01:10:46 (7993 turns).

Urokeeper the Fighter (Minotaur Fighter)            Turns: 7993, Time: 01:10:46

HP:   0/89 (95)     AC: 15    Str: 22    XL:     10   Next: 19%
MP:   9/9           EV:  7    Int:  5    God:    Makhleb [**....]
Gold: 464           SH: 11    Dex: 12    Spells: 9/9 levels left

rFire    . . .     SeeInvis .   a - +0 trident (vamp)
rCold    . . .     Faith    .   c - +0 kite shield
rNeg     . . .     Spirit   .   D - +0 plate armour
rPois    .         Reflect  .   (helmet restricted)
rElec    .         Harm     .   (no cloak)
rCorr    .         Rampage  .   g - +0 pair of gloves
Will     .....                  (no boots)
Stlth    ..........             h - amulet of regeneration
HPRegen  1.24/turn              (no ring)
MPRegen  0.11/turn              (no ring)

@: drained
A: horns 2, retaliatory headbutt
a: Renounce Religion, Minor Destruction


You were on level 10 of the Dungeon.
You worshipped Makhleb.
Makhleb was pleased with you.
You visited 2 branches of the dungeon, and saw 11 of its levels.
You also visited: Sewer.

You collected 464 gold pieces.

Inventory:

Hand Weapons
 a - a +0 vampiric trident (weapon)
 o - a +1 short sword of draining
 I - a +2 hand axe of electrocution
 L - a +1 trident of venom
 M - a +0 glaive
 N - a +1 hand axe of freezing
Missiles
 f - 5 javelins
 s - 22 poisoned darts (quivered)
 K - 6 boomerangs
Armour
 c - a +0 kite shield (worn)
 g - a +0 pair of gloves (worn)
 D - a +0 plate armour (worn)
 H - the +0 leather armour of Serurchaj {rF+ rC+}
   (You found it on level 7 of the Dungeon)

   rF:        It protects you from fire.
   rC:        It protects you from cold.
Jewellery
 h - an amulet of regeneration (around neck)
Wands
 d - a wand of acid (1)
 y - a wand of flame (58)
 C - a wand of digging (7)
Scrolls
 e - 2 scrolls of noise
 k - a scroll of amnesia
 l - a scroll of teleportation
 m - 3 scrolls of fog
 p - 3 scrolls of vulnerability
 q - a scroll of brand weapon
 t - a scroll of enchant weapon {unknown}
 v - a scroll of fear
 w - 3 scrolls of immolation
 A - 2 scrolls of magic mapping
 F - a scroll of enchant armour {unknown}
 J - 2 scrolls of holy word
Potions
 b - 2 potions of mutation {unknown}
 i - a potion of curing
 j - 4 potions of degeneration
 n - 4 potions of flight
 r - 3 potions of brilliance {unknown}
 u - 2 potions of cancellation {unknown}
 x - 2 potions of heal wounds {unknown}
 z - a potion of lignification {unknown}
 B - a potion of magic {unknown}
 E - a potion of invisibility {unknown}
 G - a potion of ambrosia {unknown}


   Skills:
 * Level 11.1 Fighting
 + Level 7.8 Polearms
 + Level 8.4 Armour
 + Level 5.7 Dodging
 + Level 8.3 Shields


You had 9 spell levels left.
You didn't know any spells.
Your spell library contained the following spells:

 Spells                   Type           Power      Damage    Failure   Level
 Slow                     Hex            0%         N/A       100%        2
 Sublimation of Blood     Necr           0%         N/A       100%        2
 Confusing Touch          Hex            0%         N/A       100%        3
 Petrify                  Tmut/Erth      0%         N/A       100%        4
 Irradiate                Conj/Tmut      0%         3d13      100%        5
 Yara's Violent Unravell  Hex/Tmut       0%         3d3       100%        5
 Conjure Ball Lightning   Conj/Air       0%         3x3d6     100%        6
 Discord                  Hex            0%         N/A       100%        8
 Disjunction              Tloc           0%         N/A       100%        8


Dungeon Overview and Level Annotations

Branches:
Dungeon (10/15)            Temple (1/1) D:5           Sewer (visited)
   Lair: D:8-11         Orc: D:9-12

Altars:
Cheibriados
Dithmenos
Elyvilon
Gozag
Makhleb
Nemelex Xobeh
Vehumet
Wu Jian
Xom
Yredelemnul
Beogh

Shops:
D:1 *   D:8 (

Annotations:
D:6 3 runed translucent doors, Icepheonix32's ghost, novice DsFi


Innate Abilities, Weirdness & Mutations

You have a pair of horns on your head.
You reflexively headbutt those who attack you in melee.


Message History

The acid dragon spits acid at you. The splash of acid hits you!
The acid corrodes you!
You are splashed with acid!
There is a stone staircase leading down here.
You climb downwards.
The komodo dragon hisses angrily.
Found a crooked glowing staff and a scroll of identify.
Found a stone staircase leading down.
There is a stone staircase leading up here.
You barely miss the komodo dragon.
You headbutt the komodo dragon, but do no damage.
You block the komodo dragon's attack.
You hit the komodo dragon.
You feel better.
The komodo dragon is lightly wounded.
You are no longer corroded.
The komodo dragon hisses menacingly.
The komodo dragon bites you!
You hit the komodo dragon but do no damage.
The komodo dragon is lightly wounded.
The komodo dragon bites you!
Your plate armour prevents you from hitting the komodo dragon.
You headbutt the komodo dragon.
The komodo dragon is lightly wounded.
The komodo dragon bites you!!
Press: ? - help, v - describe, . - travel The floor.
You hit the komodo dragon but do no damage.
You headbutt the komodo dragon!
The komodo dragon is moderately wounded.
You block the komodo dragon's attack.
You hit the komodo dragon.
You feel better.
The komodo dragon is moderately wounded.
The komodo dragon barely misses you.
You hit the komodo dragon.
You feel better.
The komodo dragon is heavily wounded.
The komodo dragon bites you!!
* * * LOW HITPOINT WARNING * * *
You closely miss the komodo dragon. You headbutt the komodo dragon.
The komodo dragon is heavily wounded.
The komodo dragon bites you!!
You die...

. ## # .. ..
.### ... #.
....#
....##.###.....
#.............
#.....?......
#...l@.....#
#....|.....#
#..........#
.........#####
......#... .
...........
>....#####. ##
..... .. .
#####.


You could see a komodo dragon.

Vanquished Creatures
  Prince Ribbit (D:9)
  A wraith (D:9)
  2 wyverns
  3 yaks (D:8)
  A vampire mosquito (D:9)
  Edmund (D:6)
  2 water moccasins (D:8)
  7 orc warriors
  A necrophage (D:8)
  A hornet zombie (D:4)
  3 ogres
  4 centaurs
  3 bullfrogs
  A gnoll sergeant (D:8)
  12 wights
  A centaur zombie (D:9)
  2 hounds
  9 orc priests
  A centaur skeleton (D:7)
  Ijyb (D:5)
  2 iguanas
  3 orc wizards
  4 gnolls (D:8)
  6 adders
  A white imp (D:6)
  An ufetubus (D:5)
  2 worms
  A dart slug (D:4)
  36 orcs
  7 bats
  An endoplasm (D:1)
  11 giant cockroaches
  8 goblins
  6 hobgoblins
  5 quokkas
  4 ball pythons
  A ball python zombie (D:3)
  11 frilled lizards
  A jackal zombie (D:3)
  8 kobolds
  6 rats
182 creatures vanquished.

Vanquished Creatures (collateral kills)
  A manticore (D:9)
1 creature vanquished.

Vanquished Creatures (others)
  A fungus (D:9)
1 creature vanquished.

Grand Total: 184 creatures vanquished

Notes
Turn   | Place    | Note
-------+----------+-------------------------------------------
     0 | D:1      | Urokeeper the Minotaur Fighter began the quest for the Orb.
     0 | D:1      | Reached XP level 1. HP: 19/19 MP: 0/0
   231 | D:1      | Found a faded altar of an unknown god.
   270 | D:1      | Found Feitt's General Store.
   358 | D:1      | Reached XP level 2. HP: 25/27 MP: 1/1
   693 | D:2      | Reached skill level 4 in Fighting
   858 | D:2      | Reached XP level 3. HP: 33/33 MP: 2/2
  1754 | D:3      | Reached XP level 4. HP: 38/38 MP: 3/3
  1856 | D:3      | Found a basalt altar of Yredelemnul.
  1925 | D:3      | Reached skill level 5 in Fighting
  1972 | D:3      | Reached XP level 5. HP: 48/48 MP: 4/4
  2641 | D:4      | You fall into a shaft and drop 3 floors!
  2730 | D:7      | Noticed a wyvern
  2744 | D:7      | Killed a wyvern
  2745 | D:7      | Reached skill level 6 in Fighting
  2745 | D:7      | Reached skill level 5 in Armour
  2745 | D:7      | Reached skill level 5 in Shields
  2745 | D:7      | Reached XP level 6. HP: 7/57 MP: 5/5
  2834 | D:5      | Entered Level 5 of the Dungeon
  2848 | D:5      | Reached XP level 7. HP: 64/64 MP: 6/6
  2892 | D:5      | Found a staircase to the Ecumenical Temple.
  2892 | D:5      | Noticed a wyvern
  2895 | D:5      | Noticed Ijyb
  3160 | D:4      | Reached skill level 1 in Dodging
  3331 | D:4      | Found a glowing drain.
  3349 | Sewer    | Entered a sewer
  3517 | Sewer    | Reached skill level 7 in Fighting
  4117 | D:4      | Killed a wyvern
  4118 | D:4      | Reached skill level 5 in Polearms
  4181 | Temple   | Entered the Ecumenical Temple
  4191 | Temple   | Became a worshipper of Makhleb the Destroyer
  4216 | D:5      | Killed Ijyb
  4359 | D:5      | Reached XP level 8. HP: 74/74 MP: 7/7
  4418 | D:5      | Found an ornate altar of the Wu Jian Council.
  4418 | D:5      | Found a sparkling altar of Nemelex Xobeh.
  4467 | D:5      | Found a snail-covered altar of Cheibriados.
  4815 | D:6      | Noticed Edmund
  4832 | D:6      | Killed Edmund
  4833 | D:6      | Reached skill level 8 in Fighting
  5036 | D:6      | Found a runed translucent gate.
  5036 | D:6      | Found a runed translucent gate.
  5036 | D:6      | Found a runed translucent gate.
  5037 | D:6      | Noticed Icepheonix32's ghost (novice DsFi)
  5154 | D:6      | Noticed a deep elf pyromancer
  5247 | D:7      | Identified the +0 leather armour of Serurchaj {rF+ rC+}
  5365 | D:7      | Noticed a white ugly thing
  5665 | D:8      | Found Zygi's Firing Range.
  5692 | D:8      | Reached skill level 9 in Fighting
  5797 | D:8      | Reached XP level 9. HP: 83/83 MP: 8/8
  5840 | D:8      | Reached * piety under Makhleb
  5987 | D:8      | Reached skill level 10 in Fighting
  6423 | D:9      | Found a white marble altar of Elyvilon.
  6468 | D:9      | Reached skill level 5 in Dodging
  6693 | D:9      | Noticed Prince Ribbit
  6766 | D:9      | Noticed a manticore
  6958 | D:9      | Killed Prince Ribbit
  7095 | D:9      | Reached XP level 10. HP: 76/94 MP: 9/9
  7097 | D:9      | Reached ** piety under Makhleb
  7112 | D:9      | Found a shimmering altar of Xom.
  7384 | D:9      | Killed a manticore
  7572 | D:9      | Reached skill level 11 in Fighting
  7757 | D:10     | Entered Level 10 of the Dungeon
  7993 | D:10     | Slain by a komodo dragon

Illustrated notes

Levels and vault maps discovered:
D:1:      dpeg_arrival_rhombus, layout_loops_cross,
          hellmonk_ecumenical_altar_slurped_away, serial_shops, shop
D:2:      layout_basic, chequers_mini_garden
D:3:      kennysheep_big_flooded_room, layout_loops_corners,
          lemuel_zombie_altar_yredelemnul, guppyfry_early_lair_pool
D:4:      layout_loops_ring, portal_sewer_entry_b
D:5:      layout_rooms, old_standard_altar, gammafunk_temple_overflow_pools,
          minmay_temple_entry_tees, roderic_roman_lattice,
          corexii_item_surrounded_by_moat, minivault_1, due_unseen_surprise,
          uniq_ijyb
D:6:      layout_rooms, gammafunk_ghost_nasty_kobolds,
          guppyfry_early_elven_hall, uniq_edmund
D:7:      layout_basic, serial_shops, shop
D:8:      layout_loops_cross, special_room [special_room_orc],
          grunt_ministairs_7, nicolae_shop_firing_range
D:9:      layout_gridville, mainiacjoe_overflow_tiny_flanked, xom_butterflies,
          grunt_decor_junction, due_unseen_surprise, uniq_prince_ribbit1
D:10:     layout_rooms
Temple:   regret_index_temple_sphere_string

Skill      XL: |  1  2  3  4  5  6  7  8  9 10 |
---------------+-------------------------------+-----
Fighting       | 4 5 6 7 9 10 11 | 11.1
Shields        | 4 5 6 8 |  8.3
Armour         | 4 5 6 7 8 |  8.4
Polearms       | 3 4 5 6 7 |  7.8
Dodging        | 2 3 5 |  5.7

Action                   |  1- 3 |  4- 6 |  7- 9 | 10-12 || total
-------------------------+-------+-------+-------+-------++-------
Melee: Trident           |    96 |    72 |   414 |   103 ||   685
       Headbutt          |    12 |     8 |    65 |    25 ||   110
Throw: Dart              |       |       |    22 |       ||    22
Evoke: Wand              |       |       |     8 |       ||     8
  Use: Scroll            |     2 |     2 |    14 |     4 ||    22
       Potion            |       |     2 |     2 |       ||     4
Armor: Scale mail        |    34 |    20 |    36 |       ||    90
       Plate armour      |       |       |    76 |    50 ||   126
Dodge: Dodged            |    34 |    10 |    68 |    23 ||   135
Block: Kite shield       |    32 |    17 |   166 |    53 ||   268
